AoeStats
← Grinch_XO

Arabia

508860992Analyzed
1v1 RM · 9d ago on Sep 24, 2026· 78m 32s· 2 players
Game mode
Random Map
Map size
Tiny (2 player)
Population
200
Speed
Normal
Resources
Standard
Victory
Conquest
Starting age
Dark Age
Ending age
Imperial Age
RankedLock teamsTeams togetherTeam positionsShared explorationLock speedFull tech treeHidden civsTurbo modeCheats
Victory
Defeat
🇧🇪 Celts · Belgium
963
+17
🇰🇿 Varangians · Kazakhstan
989
-17
NayyLes
3:10 Loom
10:22 Feudal Age
10:55 Double-Bit Axe
11:00 Horse Collar
20:34 Castle Age
20:01 Forging
19:52 Scale Mail Armor
20:03 Scale Barding Armor
21:41 Husbandry
22:20 Iron Casting
23:48 Bow Saw
23:41 Heavy Plow
26:44 Pikeman
27:09 Arson
28:42 Chain Barding Armor
28:23 Scale Mail Armor
30:04 Wheelbarrow
30:16 Gambesons
31:21 Chain Mail Armor
31:49 Murder Holes
32:57 Fletching
33:28 Ballistics
34:06 Stronghold
36:07 Hand Cart
40:14 Bodkin Arrow
44:47 Imperial Age
44:09 Padded Archer Armor
45:34 Halberdier
47:11 Plate Mail Armor
52:45 Town Watch
54:29 Blast Furnace
54:07 Conscription
56:01 Chemistry
57:15 Cavalier
59:25 Paladin
61:46 Leather Archer Armor
Grinch_XO
7:46 Loom
10:18 Feudal Age
11:45 Double-Bit Axe
14:28 Bloodlines
15:47 Horse Collar
21:02 Castle Age
20:26 Forging
20:24 Scale Barding Armor
20:52 Gold Mining
21:56 Bow Saw
21:58 Husbandry
23:56 Wheelbarrow
27:21 Iron Casting
30:29 Town Watch
31:53 Chain Barding Armor
31:42 Stone Mining
32:44 Hand Cart
33:42 Stone Shaft Mining
35:54 Fletching
36:54 Vendel Legacy
40:37 Imperial Age
41:00 Bodkin Arrow
41:13 Murder Holes
41:34 Cavalier
42:57 Conscription
44:04 Two-Man Saw
43:08 Heavy Plow
43:27 Heated Shot
46:13 Plate Barding Armor
45:44 Bracer
46:22 Plate Barding Armor
46:50 Blast Furnace
49:30 Crop Rotation
49:38 Siege Engineers
51:23 Masonry
51:50 Light Cavalry
53:17 Plate Barding Armor
54:05 Architecture
54:20 Hussar
56:38 Chemistry
55:42 Town Patrol
56:37 Cranequins
57:09 Crossbowman
58:39 Vendel Legacy
59:52 Bracer
69:59 Guard Tower
69:50 Treadmill Crane
70:58 Fortified Wall
Connection lost

Rejoining the realm…

Still unreachable

The connection could not be restored.

Session expired

The server has moved on; the page needs a fresh start.